[Event "*** Titled Tuesday Blitz"]
[Site "Chess.com"]
[Date "2020.04.28"]
[Round "5"]
[White "MergenKakabaev"]
[Black "giantslayer83"]
[Result "1-0"]
[WhiteElo "2451"]
[BlackElo "2677"]
[TimeControl "180+1"]
[EndTime "10:55:59 PDT"]
[Termination "MergenKakabaev won on time"]

1. e4 e5 2. Nf3 Nc6 3. Bb5 a6 4. Ba4 d6 5. O-O Bd7 6. h3 g6 7. c3 Bg7 8. d4 b5 9. Bc2 Nf6 10. Nbd2 O-O 11. Re1 Re8 12. Nf1 Bc8 13. Ng3 Bb7 14. a4 Qe7 15. h4 Qf8 16. Bd3 b4 17. d5 Ne7 18. c4 a5 19. h5 Nd7 20. Bd2 Nc5 21. Bc2 c6 22. Qc1 cxd5 23. exd5 Rac8 24.
h6 Bh8 25. Qd1 f5 26. Ng5 f4 27. N3e4 Nxe4 28. Nxe4 Nf5 29. g4 Nd4 30. Bd3 Qxh6 31.
Kg2 Qh4 32. f3 Qe7 33. Rh1 Rc7 34. Be1 Rec8 35. b3 Qd7 36. Bf2 Bxd5 37. cxd5 Nc2 38. Rc1 Ne3+ 39. Bxe3 fxe3 40. Rxc7 Qxc7 41. Qe2 Qb6 42. g5 Rc7 43. Bc4 Rf7 44. Re1 Bg7 45.
Qxe3 Qxe3 46. Rxe3 Rd7 47. Re2 Kf7 48. Rc2 Ke7 49.
Bb5 Rb7 50. Rc6 h6 51. gxh6 Bxh6 52. Nxd6 Rd7 53. Nf5+ gxf5 54. Re6+ Kd8 55. Bxd7 Bf4 56. Bb5 e4 57. d6 1-0

[Event "*** Titled Tuesday Blitz"]
[Site "Chess.com"]
[Date "2020.04.28"]
[Round "5"]
[White "DFeco"]
[Black "Ariadna_Atreides"]
[Result "1-0"]
[WhiteElo "2192"]
[BlackElo "2022"]
[TimeControl "180+1"]
[EndTime "10:55:59 PDT"]
[Termination "DFeco won on time"]

1. c4 Nf6 2. g3 c6 3. Bg2 d5 4. Nf3 Nbd7 5. cxd5 cxd5 6. O-O e5 7. Qa4 Bd6 8. d4 e4 9. Ne5 O-O 10. Nxd7 Bxd7 11.
Qb3 Bc6 12. Nc3 Rc8 13. Bg5 Be7 14. e3 Qd7 15. f3 exf3 16. Bxf3 h6 17. Bxf6 Bxf6 18.
Nxd5 Bd8 19. Nf4 Re8 20. Bxc6 bxc6 21. Rae1 Bb6 22. Rf3 Qg4 23. Ref1 Re7 24. Kg2 Kh8 25. h3 Qd7 26. Nh5 f6 27. Nxf6 gxf6 28. Rxf6 Qd5+ 29. Qxd5 cxd5 30. Rxh6+ Kg7 31. Rhf6 Rc2+ 32. R6f2 Rxf2+ 33. Rxf2 Rxe3 34. Rd2 Re4 35. Rc2 Rxd4 36. b3 Re4 37. a4 d4 38. b4 d3 39. Rd2 Rxb4 40. Rxd3 Rxa4 41. Rd7+ Kf6 42. g4 Kg5 43. Rg7+ Kf4 44. Rf7+ Ke5 45. g5 1-0

[Event "*** Titled Tuesday Blitz"]
[Site "Chess.com"]
[Date "2020.04.28"]
[Round "5"]
[White "Superfelix"]
[Black "GMNeiksans"]
[Result "1-0"]
[WhiteElo "2473"]
[BlackElo "2792"]
[TimeControl "180+1"]
[EndTime "10:56:00 PDT"]
[Termination "Superfelix won by checkmate"]

1. e4 c5 2. Nf3 e6 3. g3 Nc6 4. Bg2 d6 5. O-O Nf6 6. Re1 Be7 7. c3 O-O 8. d3 Rb8 9. a4 a6 10. Bf4 e5 11. Bg5 h6 12. Bxf6 Bxf6 13. Nbd2 b5 14. axb5 axb5 15. Nf1 Be6 16. Ne3 Qb6 17. h4 h5 18. Kh2 g6 19. Bh3 Ra8 20. Qd2 Kg7 21. Nc2 Na5 22. Bxe6 fxe6 23. Qe3 Nb3 24. Rxa8 Rxa8 25.
Ng5 Bxg5 26. Qxg5 Rf8 27. Re2 Qd8 28. Qxd8 Rxd8 29. Na3 Rb8 30. Kg2 Kf6 31. f4 Ke7 32.
fxe5 dxe5 33. Kf3 Nc1 34. Rd2 b4 35. cxb4 cxb4 36. Nc4 Nb3 37. Rf2 Nd4+ 38. Ke3 Nc6 39. Rc2 Nd4 40. Rf2 Nc6 41. Rf1 Ra8 42. Rc1 Ra6 43. Nd2 Nd4 44. Rc7+ Kf6 45. Nc4 Ra1 46. Nd6 Re1+ 47. Kf2 Re2+ 48. Kf1 g5 49. Ne8+ Kg6 50. Rg7+ Kh6 51. hxg5# 1-0

[Event "*** Titled Tuesday Blitz"]
[Site "Chess.com"]
[Date "2020.04.28"]
[Round "5"]
[White "nfds"]
[Black "lelya96"]
[Result "1-0"]
[WhiteElo "2503"]
[BlackElo "2281"]
[TimeControl "180+1"]
[EndTime "10:56:00 PDT"]
[Termination "nfds won by resignation"]

1. d3 Nf6 2. Nf3 e6 3. g3 Be7 4. Bg2 O-O 5. O-O d5 6. Nc3 c5 7. e4 Nc6 8. Bd2 a6 9. Re1 Re8 10. exd5 exd5 11. Ne5 Be6 12. Nxc6 bxc6 13. b3 a5 14. Na4 Qd7 15. Nb6 Qc7 16. Nxa8 Rxa8 17. Bf4 Qc8 18. a4 Nd7 19. Qh5 Bf6 20. Rad1 Bc3 21. Bd2 Nf6 22. Qe2 Bd4 23. Be3 Bc3 24. Rf1 Qf8 25. Bd2 Bd4 26. c3 Bg4 27. Bf3 Re8 28.
Bxg4 Rxe2 29. Bxe2 Be5 30. Rfe1 h6 31. Bf3 Qb8 32.
c4 Qxb3 33. Rxe5 dxc4 34. Rxc5 Qxd3 35. Be3 Qb3 36. Rc1 Qxa4 37. R5xc4 Qb3 38. Rxc6 a4 39. Rc8+ Kh7 40. Bd1 Qb2 41. Bc2+ g6 42. Rd1 Qb7 43. Rdd8 Ne4 44. Bd4 g5 45. f3 f5 46. fxe4 fxe4 47. Re8 Kg6 48. Bxe4+ 1-0

[Event "*** Titled Tuesday Blitz"]
[Site "Chess.com"]
[Date "2020.04.28"]
[Round "5"]
[White "Pavlov_Sergey"]
[Black "Grischuk"]
[Result "0-1"]
[WhiteElo "2636"]
[BlackElo "3108"]
[TimeControl "180+1"]
[EndTime "10:56:01 PDT"]
[Termination "Grischuk won by resignation"]

1. c4 g6 2. Nf3 Bg7 3. d4 Nf6 4. g3 O-O 5. Bg2 d6 6. O-O Nbd7 7. Nc3 e5 8. e4 exd4 9. Nxd4 Re8 10. h3 Nc5 11. Re1 Bd7 12. Bf4 h6 13. b3 a5 14.
Qc2 Nfxe4 15. Nxe4 Bxd4 16. Rad1 Nxe4 17. Rxd4 Ng5 18. Rxe8+ Qxe8 19. Bxg5 hxg5 20. Bxb7 Rb8 21. Bg2 Qe5 22. Rd5 Qe1+ 23. Kh2 Re8 24. Qd2 a4 25.
bxa4 Qxd2 26. Rxd2 Bxa4 27. Rd5 Re2 28. Kg1 Rxa2 29.
Rxg5 Ra1+ 30. Kh2 Rc1 31. Bd5 Kg7 32. Rg4 c6 33. Bf3 c5 34. Bd5 Bd7 35. Re4 Kf8 36.
Rf4 f5 37. g4 Kg7 38. gxf5 Bxf5 39. Be4 Rxc4 0-1

[Event "*** Titled Tuesday Blitz"]
[Site "Chess.com"]
[Date "2020.04.28"]
[Round "5"]
[White "Zq1"]
[Black "Diego_FloresQ"]
[Result "0-1"]
[WhiteElo "2573"]
[BlackElo "2426"]
[TimeControl "180+1"]
[EndTime "10:56:01 PDT"]
[Termination "Diego_FloresQ won on time"]

1. d4 Nf6 2. c4 c5 3. Nf3 cxd4 4.
Nxd4 e5 5. Nb5 d5 6. cxd5 Bc5 7. N5c3 O-O 8. g3 Qb6 9. e3 Bg4 10. Be2 Bxe2 11. Qxe2 e4 12. O-O Bd6 13. Nd2 Re8 14. Qc4 Qa6 15. b3 Qxc4 16. Nxc4 Bb4 17. Nb5 Nxd5 18.
Bb2 Nc6 19. Rfd1 Rad8 20. Ncd6 Bxd6 21. Rxd5 Bf8 22. Rad1 a6 23. Nc7 Rxd5 24. Nxd5 f6 25. Kg2 Kf7 26. g4 Rd8 27. Nc3 Rxd1 28. Nxd1 g6 29. Nc3 f5 30. h3 Bg7 31. Nd1 Bxb2 32. Nxb2 Ne5 33. Kg3 Ke6 34. f4 exf3 35. Nd1 fxg4 36.
hxg4 h5 37. gxh5 gxh5 38. Nf2 Kf5 39. e4+ Kf6 40. Nh3 b6 41. Kf4 Nd3+ 42. Kxf3 Nc1 43.
Kf4 Nxa2 44. e5+ Ke7 45. Nf2 Nc1 46. b4 Na2 0-1

[Event "*** Titled Tuesday Blitz"]
[Site "Chess.com"]
[Date "2020.04.28"]
[Round "5"]
[White "Embrujada"]
[Black "rogapa"]
[Result "0-1"]
[WhiteElo "2449"]
[BlackElo "2739"]
[TimeControl "180+1"]
[EndTime "10:56:02 PDT"]
[Termination "rogapa won on time"]

1. b3 e5 2. Bb2 Nc6 3. e3 Nf6 4. Bb5 Bd6 5. Ne2 O-O 6. Na3 Na5 7.
Ng3 c6 8. Be2 b5 9. O-O Bc7 10. c4 bxc4 11. Nxc4 Nxc4 12. bxc4 d5 13. cxd5 cxd5 14. d4 e4 15. Ba3 Re8 16. Bb5 Bd7 17. Rb1 Rb8 18. Qa4 Bxg3 19. hxg3 Bxb5 20. Rxb5 Qd7 21. Rfb1 Rxb5 22. Qxb5 Qf5 23. Bd6 h6 24. Be5 Re6 25. Qc5 Ng4 26. Rb8+ Kh7 27. Rh8+ Kg6 28.
Bf4 Rb6 29. Qc2 Qh5 30. Rc8 Qh2+ 31. Kf1 Qh1+ 32. Ke2 Qxg2 33. Rc6+ f6 34. Rxb6 Qxf2+ 35. Kd1 Qf1+ 36. Kd2 axb6 37. Qc8 Qd3+ 38. Kc1 Nxe3 39. Bxe3 Qxe3+ 40. Kb1 Qg1+ 41. Kb2 Qxd4+ 42. Kb1 Qd3+ 43. Kb2 Qxg3 44. Qe8+ Kh7 0-1

[Event "*** Titled Tuesday Blitz"]
[Site "Chess.com"]
[Date "2020.04.28"]
[Round "5"]
[White "Vaathi_Coming"]
[Black "chito89"]
[Result "0-1"]
[WhiteElo "2864"]
[BlackElo "2772"]
[TimeControl "180+1"]
[EndTime "10:56:03 PDT"]
[Termination "chito89 won by resignation"]

1. e4 g6 2. d4 Bg7 3. Nc3 d6 4. f4 Nf6 5. Nf3 O-O 6. a3 Bg4 7. h3 Bxf3 8. Qxf3 Nc6 9. Be3 e5 10. dxe5 dxe5 11. f5 Nd4 12. Qf2 c6 13. O-O-O Qa5 14.
g4 Rfd8 15. g5 Nh5 16. Be2 Nf4 17. Bxf4 exf4 18. f6 Nxe2+ 19. Nxe2 Qxg5 20. fxg7 f3+ 21. Kb1 fxe2 22. Qxe2 Rxd1+ 23. Rxd1 Rd8 24. Rf1 Kxg7 25. Qf2 Rd7 26. Qxa7 Qe5 27. Qe3 f5 28. Qf3 Qxe4 29. Qc3+ Kh6 30. Re1 Qd4 31. Qg3 Qf6 32. Qf4+ Kg7 33.
a4 Qd4 34. Re7+ Kf8 35. Qxd4 Rxd4 36. Rxb7 f4 37. a5 f3 38. Rb3 Rf4 39. a6 f2 40. a7 f1=Q+ 41. Ka2 Ra4+ 42. Ra3 Rxa3+ 0-1

[Event "*** Titled Tuesday Blitz"]
[Site "Chess.com"]
[Date "2020.04.28"]
[Round "5"]
[White "KinKaiser"]
[Black "GMSrinath"]
[Result "0-1"]
[WhiteElo "2523"]
[BlackElo "2746"]
[TimeControl "180+1"]
[EndTime "10:56:03 PDT"]
[Termination "GMSrinath won on time"]

1. d4 Nf6 2. Nf3 d5 3. Bf4 c5 4. e3 Nc6 5. c3 Qb6 6. Qb3 c4 7.
Qxb6 axb6 8. Be2 b5 9. O-O b4 10. cxb4 Nxb4 11. Nc3 Bd7 12. b3 e6 13. bxc4 dxc4 14. Bxc4 Rc8 15. Ne5 b5 16. Nxb5 Rxc4 17. Nxc4 Bxb5 18. Rfc1 Ba6 19. Rab1 Ne4 20. f3 g5 21. a3 gxf4 22. axb4 Bxc4 23. Rxc4 Nd2 24. Rc8+ Kd7 25. Rbc1 fxe3 26. b5 Bg7 27. R1c7+ Kd6 28.
Rc6+ Kd5 29. Rc5+ Kxd4 30. b6 Kd3 31. b7 Bd4 32. Rc3+ Bxc3 33. b8=Q Rxc8 34. Qxc8 Bd4 35.
Qa6+ Kc3 36. Qe2 Nc4 37. g3 Ne5 38. Kg2 Nd3 39. f4 Nc1 40. Qe1+ Kc2 41. Kf3 e2 42. Qa5 Bc3 43. Qa4+ Kd2 44. Qd7+ Nd3 0-1

[Event "*** Titled Tuesday Blitz"]
[Site "Chess.com"]
[Date "2020.04.28"]
[Round "5"]
[White "DinaBelenkaya"]
[Black "TargetA"]
[Result "0-1"]
[WhiteElo "2196"]
[BlackElo "2477"]
[TimeControl "180+1"]
[EndTime "10:56:03 PDT"]
[Termination "TargetA won by checkmate"]

1. e4 c5 2. Nf3 d6 3. Bb5+ Nc6 4. O-O e5 5. c3 Nf6 6. Re1 a6 7. Bf1 Bg4 8. h3 Bh5 9. d3 Be7 10. Nbd2 O-O 11. Nc4 b5 12. Ne3 d5 13. g4 Bg6 14.
g5 Nxe4 15. dxe4 Bxe4 16. Ng4 f5 17. Ngxe5 Nxe5 18. Nxe5 Bxg5 19. f4 Bh4 20. Be3 Bxe1 21. Qxe1 d4 22. Bf2 Rf6 23. Bh4 dxc3 24. bxc3 Qb6 25. Bxf6 Qxf6 26. Rd1 Re8 27. Qg3 h6 28. Bg2 Bxg2 29. Kxg2 g5 30. Kh2 Kh8 31. Rd7 Qe6 32. Nf7+ Kg8 33. Ne5 Kh8 34. Qg2 Qf6 35. Qb7 gxf4 36.
Rh7+ Kg8 37. Nf3 Re2+ 38. Kh1 Qg6 39. Qc7 Qg2# 0-1

[Event "*** Titled Tuesday Blitz"]
[Site "Chess.com"]
[Date "2020.04.28"]
[Round "5"]
[White "ItsCheckM8Mate"]
[Black "zabivol_mc"]
[Result "0-1"]
[WhiteElo "2248"]
[BlackElo "2449"]
[TimeControl "180+1"]
[EndTime "10:56:05 PDT"]
[Termination "zabivol_mc won by resignation"]

1. e4 e6 2. d4 d5 3. exd5 exd5 4. c4 Nf6 5. Nc3 c6 6. Bd3 Bd6 7. Nge2 O-O 8. c5 Bc7 9. O-O b6 10. b4 a5 11. cxb6 Bxb6 12. bxa5 Rxa5 13. Bg5 h6 14. Bh4 Nbd7 15. Na4 Ba7 16. Rc1 Ba6 17. Bxa6 Rxa6 18.
Nac3 Qa5 19. Qd3 Re8 20. Bg3 c5 21. dxc5 Nxc5 22. Qf5 Nce4 23. Rfd1 Nxc3 24. Nxc3 d4 25. Nb5 Qxa2 26. Nxd4 Ra5 27. Qf3 Ra3 28. Qf5 Ra4 29. Nf3 Ng4 30. Qd7 Bxf2+ 31. Bxf2 Qxf2+ 32. Kh1 Rae4 33. Rf1 Qb2 34. Rb1 Qc2 35. Rbc1 Qa2 36. Ra1 Qe2 37. Rad1 Nf2+ 38. Rxf2 Qxf2 39. Qd3 Re1+ 40. Rxe1 Rxe1+ 0-1

[Event "*** Titled Tuesday Blitz"]
[Site "Chess.com"]
[Date "2020.04.28"]
[Round "5"]
[White "Orest_Vovk"]
[Black "RitvarsReimanis"]
[Result "0-1"]
[WhiteElo "2423"]
[BlackElo "2601"]
[TimeControl "180+1"]
[EndTime "10:56:06 PDT"]
[Termination "RitvarsReimanis won by checkmate"]

1. g4 b6 2. Bg2 Nc6 3. g5 Bb7 4. h4 h6 5. g6 f6 6. h5 e6 7. d4 d5 8. Nc3 Bb4 9. a3 Bxc3+ 10. bxc3 Nge7 11. Bh3 Qd6 12. a4 Na5 13. Nf3 O-O-O 14. Ba3 Qd7 15. Qd3 Nc4 16. Bxe7 Qxe7 17. Nd2 Kb8 18. O-O f5 19. Nxc4 dxc4 20. Qg3 Qg5 21. a5 Qxh5 22. axb6 axb6 23. f4 Rhf8 24. Kf2 Rf6 25.
Rg1 c5 26. e3 cxd4 27. cxd4 Rxg6 28. Qxg6 Qf3+ 29. Ke1 Qxe3+ 30. Kf1 Qxf4+ 31. Ke1 Qe3+ 32. Kf1 Qxh3+ 33. Ke1 Qe3+ 34. Kf1 Qf4+ 35. Ke1 Qxd4 36.
Qxg7 Qe3+ 37. Kf1 Qf3+ 38. Ke1 Qe4+ 39. Kf1 e5 40. Rg3 Qf4+ 41. Kg1 Qd4+ 42. Kh2 Qxa1 43.
Qe7 Qh1# 0-1

[Event "*** Titled Tuesday Blitz"]
[Site "Chess.com"]
[Date "2020.04.28"]
[Round "5"]
[White "Lion-Al-Messi"]
[Black "swapchess90"]
[Result "0-1"]
[WhiteElo "2429"]
[BlackElo "2683"]
[TimeControl "180+1"]
[EndTime "10:56:06 PDT"]
[Termination "swapchess90 won on time"]

1. d4 Nf6 2. Nf3 d5 3. Nc3 Bf5 4. Bg5 e6 5. e3 Be7 6. Bd3 Bxd3 7. cxd3 O-O 8. O-O h6 9. Bh4 Nbd7 10. e4 c6 11. e5 Ne8 12. Bxe7 Qxe7 13. Qd2 Nc7 14.
Rac1 a5 15. b3 Qb4 16. Qf4 Qe7 17. Ne2 a4 18. Ng3 Nb5 19. Nh5 f5 20. Qg3 g5 21.
h4 g4 22. Nf4 Kh7 23. h5 Qf7 24. Nh4 Nxd4 25. Nhg6 Rfe8 26. Qe3 c5 27. f3 gxf3 28. gxf3 axb3 29. axb3 Nxb3 30. Rc2 Nd4 31. Rg2 Rg8 32. Nh3 b5 33. Kh2 b4 34. Rfg1 b3 35. Nhf4 Ra2 36. Rxa2 bxa2 37. Qf2 Ra8 38. Ra1 Qg7 39. Qe3 Nc2 0-1

[Event "*** Titled Tuesday Blitz"]
[Site "Chess.com"]
[Date "2020.04.28"]
[Round "5"]
[White "Sibelephant"]
[Black "bancsoo"]
[Result "1-0"]
[WhiteElo "3195"]
[BlackElo "2678"]
[TimeControl "180+1"]
[EndTime "10:56:07 PDT"]
[Termination "Sibelephant won by resignation"]

1. d4 d5 2. Nf3 Nf6 3. c4 c6 4. e3 Bf5 5. Nc3 e6 6. Bd3 Bxd3 7. Qxd3 Nbd7 8. O-O Bb4 9. Bd2 Ba5 10. b4 Bc7 11.
b5 O-O 12. bxc6 bxc6 13. cxd5 cxd5 14. Nb5 Nb6 15. Bb4 Re8 16. Ne5 Ne4 17. Rac1 Bxe5 18. dxe5 Nc4 19. Rxc4 dxc4 20. Qxe4 Qb6 21. Qxc4 Rec8 22.
Qd3 a6 23. Nd6 Qxb4 24. Nxc8 Rxc8 25. Qxa6 Qc3 26. a4 h5 27. h3 Rc5 28. Qa8+ Kh7 29. Qe4+ g6 30. Rb1 Rxe5 31. Qd4 Qa5 32. Rb7 Rf5 33.
Rb8 e5 34. Qd8 Qxd8 35. Rxd8 e4 36. Rd4 Re5 37. Rd2 Ra5 38. Ra2 h4 39. Kf1 Kg7 40. Ke2 Kf6 41. Kd2 Ke5 42. Kc3 Kd5 43. Kb4 Ra8 44.
a5 Kc6 45. a6 Rb8+ 46. Kc4 Rc8 47. Kd4 f5 48. a7 Ra8 49. Ke5 1-0

[Event "*** Titled Tuesday Blitz"]
[Site "Chess.com"]
[Date "2020.04.28"]
[Round "5"]
[White "Spartakus1975"]
[Black "Zhuu96"]
[Result "1-0"]
[WhiteElo "2753"]
[BlackElo "2950"]
[TimeControl "180+1"]
[EndTime "10:56:07 PDT"]
[Termination "Spartakus1975 won on time"]

1. e4 Nf6 2. e5 Nd5 3. d4 d6 4.
Bc4 Nb6 5. Bb3 g6 6. h3 Bg7 7.
Nf3 O-O 8. Qe2 Nc6 9. O-O a5 10. a3 a4 11. Ba2 dxe5 12. dxe5 Ra5 13. Rd1 Qe8 14. Bf4 Be6 15. Nc3 Bxa2 16. Rxa2 Qc8 17. Re1 Qe6 18. Raa1 h6 19. Rad1 Nc4 20. Nd4 Nxd4 21.
Rxd4 Nb6 22. Bg3 Qc6 23. h4 h5 24. Qd3 e6 25. Rd8 Nc4 26. Rxf8+ Bxf8 27. Ne4 Be7 28. Nf6+ Kg7 29. Bf4 Nxb2 30. Qd2 Nc4 31. Bh6+ Kh8 32.
Qg5 Qc5 33. Qf4 Nxe5 34. Nd7 Nxd7 35. Qxf7 Bf8 36. Qxd7 Bxh6 37. Rxe6 Bf8 38. Rxg6 Qd5 39. Qe8 1-0

[Event "*** Titled Tuesday Blitz"]
[Site "Chess.com"]
[Date "2020.04.28"]
[Round "5"]
[White "Stormeman100100"]
[Black "KNVB"]
[Result "0-1"]
[WhiteElo "2517"]
[BlackElo "2727"]
[TimeControl "180+1"]
[EndTime "10:56:07 PDT"]
[Termination "KNVB won by checkmate"]

1. e4 c5 2. Nf3 e6 3. d4 cxd4 4.
Nxd4 Nc6 5. Nc3 Qc7 6. Nde2 a6 7. b3 b5 8. a3 Bb7 9. Bb2 Nf6 10. g3 h5 11. h4 Ng4 12. Nf4 Bc5 13. Nd3 Ba7 14. Be2 Nce5 15. Bxg4 hxg4 16. Nxe5 Qxe5 17. Qd3 d5 18.
O-O-O d4 19. Rhe1 dxc3 20. Bxc3 Qc7 21. Bxg7 Rg8 22. Bf6 Rg6 23. Bb2 Rc8 24. Qd2 e5 25. h5 Rc6 26. Kb1 Rxc2 27. Qg5 Rxb2+ 28. Kxb2 Bd4+ 29. Rxd4 Qc3+ 30. Ka2 Qc2+ 31. Ka1 Qc3+ 32. Ka2 Qxd4 33. Qg8+ Ke7 34. Qg5+ Kf8 35. Qh6+ Ke8 36. Re2 Rc6 37. Qh8+ Ke7 38. Qg7 Rf6 39. Qg5 Bxe4 40. Rd2 Qc5 41. h6 Bg6 42. h7 Qc1 43. h8=Q Qb1# 0-1

[Event "*** Titled Tuesday Blitz"]
[Site "Chess.com"]
[Date "2020.04.28"]
[Round "5"]
[White "Alexander_Donchenko"]
[Black "GianmarcoVaR"]
[Result "1-0"]
[WhiteElo "2861"]
[BlackElo "2560"]
[TimeControl "180+1"]
[EndTime "10:56:07 PDT"]
[Termination "Alexander_Donchenko won on time"]

1. e4 c6 2. d4 d5 3. e5 Bf5 4. Nf3 e6 5. Be2 Ne7 6. c3 h6 7. O-O Nd7 8. Nbd2 c5 9. dxc5 Nc6 10. Bb5 Bxc5 11. Nb3 Bb6 12. Nbd4 Nxd4 13. Nxd4 Bg6 14. Qg4 O-O 15. Nxe6 Nxe5 16. Qxg6 Nxg6 17. Nxd8 Rfxd8 18. Rd1 d4 19. Bd2 a6 20. Be2 Rd7 21. Bg4 Rd6 22. Kf1 Rad8 23. cxd4 Rxd4 24. Be3 Rxd1+ 25. Rxd1 Rxd1+ 26. Bxd1 Bxe3 27. fxe3 Ne5 28. Bb3 Ng4 29. Ke2 Nxh2 30. Bd5 b6 31. Bb7 a5 32. Kd3 Kf8 33. Kc4 Nf1 34. Kb5 Nxe3 35. b3 g5 36. Kxb6 f5 37.
Kxa5 g4 38. b4 f4 39. b5 h5 40. b6 Nc4+ 41. Ka6 h4 42. Bf3 gxf3 43. b7 fxg2 44. b8=Q+ Kf7 45. Qxf4+ 1-0

[Event "*** Titled Tuesday Blitz"]
[Site "Chess.com"]
[Date "2020.04.28"]
[Round "5"]
[White "benko_008"]
[Black "Biranidun"]
[Result "0-1"]
[WhiteElo "2512"]
[BlackElo "2714"]
[TimeControl "180+1"]
[EndTime "10:56:07 PDT"]
[Termination "Biranidun won on time"]

1. Nf3 Nf6 2. c4 g6 3. Nc3 d5 4.
cxd5 Nxd5 5. Qa4+ Bd7 6. Qh4 Nxc3 7. dxc3 Nc6 8. Bf4 f6 9. Bh6 e5 10. e4 Be6 11. Bb5 Kf7 12. Bxf8 Qxf8 13. O-O Qc5 14.
Ba4 Qb6 15. Qh6 Ne7 16. Rfd1 c6 17. Rd2 Rad8 18. Rxd8 Qxd8 19. Rd1 Qf8 20. Qe3 b6 21. h3 g5 22. Bb3 Qc8 23. Nh2 h5 24. Nf1 h4 25.
Rd6 Bxb3 26. axb3 Rd8 27. Qd3 Rxd6 28. Qxd6 Qe6 29. Qc7 Qxb3 30. Ne3 Ke6 31. Qxa7 Qxb2 32. Qc7 Qxc3 33. Kh2 Qd4 34. Nf5 Nxf5 35. Qc8+ Qd7 36. Qg8+ Kd6 37. exf5 Qxf5 38. Qf8+ Kd5 39. Qd8+ Kc5 40.
Qe7+ Kb5 41. Qa3 Qf4+ 42. Kg1 Qd4 0-1

[Event "*** Titled Tuesday Blitz"]
[Site "Chess.com"]
[Date "2020.04.28"]
[Round "5"]
[White "PauloCesarCosta_sad"]
[Black "MariaFominykh"]
[Result "1/2-1/2"]
[WhiteElo "2134"]
[BlackElo "2358"]
[TimeControl "180+1"]
[EndTime "10:56:07 PDT"]
[Termination "Game drawn by agreement"]

1. Nf3 Nf6 2. c4 g6 3. Nc3 Bg7 4. g3 O-O 5. Bg2 d6 6. d4 Nc6 7. O-O a6 8. Re1 Bd7 9. e4 e5 10. d5 Ne7 11. c5 Nh5 12. Qb3 b5 13. c6 Bg4 14. a4 bxa4 15. Rxa4 Qc8 16. Qb7 Qxb7 17.
cxb7 Ra7 18. h3 Bd7 19. Ra5 Rb8 20. Bf1 Rbxb7 21. Rxa6 Rxa6 22. Bxa6 Rb6 23. Bf1 f5 24. exf5 gxf5 25. Bc4 Nf6 26. Nxe5 dxe5 27. d6+ Kf8 28. dxe7+ Kxe7 29. Rxe5+ Kd6 30. Bf4 Nh5 31. Rd5+ Kc6 32.
Be3 Rxb2 33. Nb5 Be6 34. Rc5+ Kd7 35. Rxc7+ Kd8 36. Bxe6 Rb1+ 37. Kg2 Rxb5 38. Ra7 Bf6 39. Ra8+ Ke7 40. Bc4 Rb7 41. Ra7 Rxa7 42. Bxa7 f4 43. Be2 Ng7 44. gxf4 1/2-1/2

[Event "*** Titled Tuesday Blitz"]
[Site "Chess.com"]
[Date "2020.04.28"]
[Round "5"]
[White "MisiekZielony"]
[Black "Kopytkin"]
[Result "0-1"]
[WhiteElo "2118"]
[BlackElo "2386"]
[TimeControl "180+1"]
[EndTime "10:56:07 PDT"]
[Termination "Kopytkin won on time"]

1. c4 c6 2. Nc3 d5 3. cxd5 cxd5 4.
d4 Nf6 5. Nf3 Nc6 6. Bf4 a6 7.
Rc1 h6 8. Ne5 e6 9. e3 Nxe5 10.
Bxe5 Be7 11. Bd3 O-O 12. O-O Bd7 13. Qb3 b5 14. a3 Qb6 15. Bb1 Rfc8 16. Na2 a5 17. a4 b4 18. Bd3 Be8 19. Nc3 Nd7 20.
Nb5 Nxe5 21. dxe5 Rc6 22. Rc2 Rac8 23. Rfc1 Rxc2 24. Rxc2 Rxc2 25. Qxc2 Qc5 26. b3 Kf8 27. Qxc5 Bxc5 28. Nd4 Ke7 29. f4 g5 30. g3 f6 31. exf6+ Kxf6 32. Kf2 Bd7 33. Nf3 Bd6 34.
Nd4 e5 35. fxe5+ Bxe5 36. Nf3 Bd6 37. Nd4 h5 38. h4 gxh4 39. gxh4 Bg4 40. Be2 Bxe2 0-1

[Event "*** Titled Tuesday Blitz"]
[Site "Chess.com"]
[Date "2020.04.28"]
[Round "5"]
[White "karwowskikacper"]
[Black "Tynano"]
[Result "1-0"]
[WhiteElo "2339"]
[BlackElo "2142"]
[TimeControl "180+1"]
[EndTime "10:56:07 PDT"]
[Termination "karwowskikacper won by resignation"]

1. b3 e5 2. Bb2 Nc6 3. e3 Nf6 4.
Ne2 Be7 5. d4 d6 6. dxe5 dxe5 7.
Qxd8+ Bxd8 8. Nbc3 O-O 9. f3 a6 10. Kf2 Be6 11. h3 Nb4 12. Rc1 c5 13. a3 Nc6 14. g4 Bc7 15. Bg2 b5 16. a4 b4 17.
Nb1 Rac8 18. Nd2 Bb8 19. Rhd1 h5 20. g5 Ne8 21. h4 f6 22. Ne4 Na5 23. N2g3 c4 24.
bxc4 Nxc4 25. Ba1 Ba7 26. Rd3 f5 27. Nd2 f4 28. Ngf1 Bf5 29. Nxc4 Rxc4 30. Rb3 fxe3+ 31.
Nxe3 Rxh4 32. Kg3 Rf4 33. Bxe5 Bxe3 34. Rxe3 Rc4 35. f4 b3 36. Rxb3 Rxc2 37. Rxc2 Bxc2 38. Rb6 Bxa4 39. Bd5+ Kh7 40. Rxa6 Bd7 41. Ra7 Bf5 42.
Kh4 Bd3 43. Kxh5 Bg6+ 44. Kh4 Bd3 45. Bc6 Kg6 46. Bxe8+ Rxe8 47. Rxg7+ Kf5 48. Rf7+ Ke4 49. g6 Kf3 50. Kg5 Rg8 51. g7 Bc4 52. Kf6 Bxf7 53. Kxf7 Ra8 54. g8=Q Ra7+ 55. Kg6 1-0

[Event "*** Titled Tuesday Blitz"]
[Site "Chess.com"]
[Date "2020.04.28"]
[Round "5"]
[White "Richarzard69"]
[Black "WinningButNotReally"]
[Result "0-1"]
[WhiteElo "2235"]
[BlackElo "2412"]
[TimeControl "180+1"]
[EndTime "10:56:08 PDT"]
[Termination "WinningButNotReally won by checkmate"]

1. Nf3 Nf6 2. c4 c5 3. Nc3 Nc6 4. d4 cxd4 5. Nxd4 g6 6. g3 Bg7 7.
Bg2 O-O 8. O-O Nxd4 9. Qxd4 d6 10. Rd1 a6 11. Qd3 Be6 12. Bxb7 Ra7 13. Bg2 Rc7 14. Nd5 Bxd5 15. cxd5 a5 16. Bd2 Rb7 17. Bc3 Qb6 18. e4 h5 19. h3 Rc8 20. Rac1 Rbc7 21.
Qd2 Qb5 22. Bf1 Qa4 23. f3 h4 24. g4 Qxa2 25. Ba6 Rb8 26. e5 dxe5 27. Bxe5 Rxc1 28. Rxc1 Rd8 29. Bc4 Qa4 30. b3 Qb4 31. Qd4 a4 32. g5 Nh5 33. Bxg7 Nxg7 34. bxa4 Qxa4 35. Qe5 Qd7 36. Re1 Qxh3 37. d6 Rxd6 38. Bxf7+ Kh7 39. Qxe7 Qg3+ 40. Kh1 h3 41. Bg8+ Kxg8 42. Qe2 Re6 43.
Qa2 Qxe1+ 44. Kh2 Qe2+ 45. Kxh3 Qxa2 46. Kg4 Qb3 47. Kh4 Qb4+ 48. f4 Re5 49. Kh3 Rf5 50.
Kg4 Rxf4+ 51. Kh3 Qe4 52. Kh2 Rf3 53. Kh1 Qe2 54. Kg1 Rf1# 0-1

[Event "*** Titled Tuesday Blitz"]
[Site "Chess.com"]
[Date "2020.04.28"]
[Round "5"]
[White "Belka1989"]
[Black "Mazanchenko_Dmitry"]
[Result "0-1"]
[WhiteElo "2286"]
[BlackElo "2138"]
[TimeControl "180+1"]
[EndTime "10:56:09 PDT"]
[Termination "Mazanchenko_Dmitry won on time"]

1. d4 g6 2. Nf3 Bg7 3. Bf4 c5 4. e3 Nc6 5. c3 cxd4 6. exd4 d5 7. Bd3 Nf6 8. Nbd2 O-O 9. O-O a6 10. h3 Bf5 11. Bxf5 gxf5 12. Re1 e6 13. Ne5 Ne4 14.
Ndf3 Nxe5 15. Bxe5 b5 16. Qe2 f6 17. Bh2 Qb6 18. Nd2 Nxd2 19. Qxd2 Rae8 20. Rad1 a5 21. a3 Kh8 22. Re2 Rg8 23. Rde1 Re7 24. Bf4 Rge8 25.
Bh6 Qc7 26. Bxg7+ Kxg7 27. Qd3 f4 28. Qf3 e5 29. dxe5 fxe5 30. Qxd5 Kf6 31. Qf3 Qd6 32.
Re4 Rg8 33. Rd1 Qc7 34. Re2 Reg7 35. Red2 Rxg2+ 36. Qxg2 Rxg2+ 37. Kxg2 Qc6+ 38. Kg1 Kf5 39. Rd7 Qf3 40. R7d3 Qh5 0-1

[Event "*** Titled Tuesday Blitz"]
[Site "Chess.com"]
[Date "2020.04.28"]
[Round "5"]
[White "Kezin_Roman"]
[Black "rasmussvane"]
[Result "1-0"]
[WhiteElo "2707"]
[BlackElo "2852"]
[TimeControl "180+1"]
[EndTime "10:56:10 PDT"]
[Termination "Kezin_Roman won by resignation"]

1. d4 d5 2. c4 e6 3. Nf3 a6 4. g3 dxc4 5. Bg2 b5 6. Ne5 c6 7. a4 Bb7 8. Nc3 Qc8 9. O-O Nf6 10. e4 Be7 11. d5 O-O 12. Bg5 h6 13. d6 Rd8 14.
Bxf6 Bxf6 15. Ng4 Bxc3 16. bxc3 c5 17. f4 Nd7 18. f5 exf5 19. Rxf5 Re8 20. Nxh6+ gxh6 21. Qh5 Ne5 22. Rxe5 Rxe5 23. Qxe5 Qe6 24. Qxe6 fxe6 25.
axb5 Kf7 26. e5 Bxg2 27. Kxg2 a5 28. b6 Kg6 29. b7 Rb8 30. Rxa5 Rxb7 31. Rxc5 Kf5 32.
Kh3 h5 33. Kh4 Rb2 34. h3 Rd2 35. Rxc4 Kxe5 36. Rd4 Rxd4+ 37. cxd4+ Kxd6 38. g4 Kd5 39. gxh5 Kxd4 40. h6 e5 41. h7 e4 42. h8=Q+ Kd3 43.
Kg3 e3 44. Qd8+ Ke2 45. Qe7 Kd2 46. Kf3 e2 47. Qxe2+ 1-0